 Dungeon Crawl Stone Soup version 0.29-a0-2-g12fcac58f8 (webtiles) character file.

Game seed: 11858488525725130679

6817 comborobin the Grappler (level 10, -7/96 HPs)
             Began as a Troll Cinder Acolyte on Jan 27, 2022.
             Was a Priest of Ignis.
             Mangled by a cyan ugly thing (17 damage)
             ... on level 14 of the Dungeon.
             The game lasted 00:07:28 (3563 turns).

comborobin the Grappler (Troll Cinder Acolyte)      Turns: 3563, Time: 00:07:29

Health: -7/96      AC:  7    Str: 24    XL:     10   Next: 77%
Magic:  10/10      EV: 12    Int: 10    God:    Ignis [***...]
Gold:   364        SH:  0    Dex: 15    Spells: 11/11 levels left

rFire   + + +      SeeInvis .     - Unarmed
rCold   + . .      Faith    .   (no shield)
rNeg    . . .      Spirit   .   i - +2 robe {rC+}
rPois   .          Reflect  .   (helmet restricted)
rElec   .          Harm     .   o - +0 cloak
rCorr   .          Rampage  .   (gloves unavailable)
Will    .....                   (boots unavailable)
Stlth   +.........              (no amulet)
HPRegen 1.06/turn               b - ring of protection from fire
MPRegen 0.12/turn               m - +6 ring of dexterity

@: no status effects
A: large, unfitting armour, claws 3, regeneration 1, shaggy fur 1, tough skin 1,
fire resistance 1, mutation resistance 1
a: Renounce Religion, Fiery Armour, Foxfire Swarm, Rising Flame


You were on level 14 of the Dungeon.
You worshipped Ignis.
Ignis was most pleased with you.
You visited 1 branch of the dungeon, and saw 14 of its levels.

You collected 364 gold pieces.

Inventory:

Missiles
 p - 3 throwing nets (quivered)
 t - 4 large rocks
Armour
 a - a +0 robe
 i - a +2 robe of cold resistance (worn)
 o - a +0 cloak (worn)
Jewellery
 b - a ring of protection from fire (left claw)
 m - a +6 ring of dexterity (right claw)
 r - a ring of protection from fire
Wands
 d - a wand of mindburst (10)
 e - a wand of iceblast (7)
 h - a wand of digging (4)
 j - a wand of flame (28)
Scrolls
 f - a scroll of teleportation {unknown}
 g - a scroll of vulnerability
 q - a scroll of enchant weapon
 s - a scroll of silence {unknown}
Potions
 c - a potion of curing
 k - a potion of flight


   Skills:
 + Level 5.0 Fighting
 + Level 5.0 Dodging
 + Level 14.5 Unarmed Combat
 - Level 1.0 Spellcasting
 - Level 2.1 Fire Magic


You had 11 spell levels left.
You didn't know any spells.
Your spell library contained the following spells:

 Spells                   Type           Power      Damage    Failure   Level
 Scorch                   Fire           8%         2d5       22%         2
 Animate Skeleton         Necr           0%         N/A       34%         1
 Apportation              Tloc           0%         N/A       34%         1
 Summon Small Mammal      Summ           0%         N/A       34%         1


Dungeon Overview and Level Annotations

Branches:
Dungeon (14/15)
 Temple: D:4-7         Lair: D:8-11         Orc: D:9-12      Vaults: D:13-14

Altars:

Shops:
D:14 (

Annotations:
D:12 exclusion: 4 doors


Innate Abilities, Weirdness & Mutations

You are too large for most types of armour.
You have claws for hands.
Your natural rate of healing is unusually fast.
You are covered in fur. (AC +1)
You have tough skin. (AC +1)
Your flesh is heat resistant. (rF+)
You are somewhat resistant to further mutation.


Message History

There is a stone staircase leading up here.
A cyan ugly thing comes into view.
The slime creature quivers.
A cyan ugly thing comes into view.
The slime creature quivers.
A cyan ugly thing comes into view.
The cyan ugly thing basks in the mutagenic energy from its kin and changes!
The slime creature hits you!
The slime creature hits you but does no damage.
You climb upwards.
There is a stone staircase leading down here.
You claw the slime creature!
The slime creature is lightly wounded.
You claw the slime creature!
You claw the slime creature, but do no damage.
The slime creature is moderately wounded.
The slime creature barely misses you.
You mangle the slime creature!!
The slime creature is heavily wounded.
The slime creature hits you but does no damage.
You claw the slime creature!
The slime creature is severely wounded.
The slime creature hits you.
You claw the slime creature! You claw the slime creature.
You kill the slime creature!
No target in view!
No target in view!
You climb downwards.
The slime creature hits you!! The slime creature hits you!
The slime creature closely misses you. The cyan ugly thing trunk-slaps you.
The cyan ugly thing shocks you!
There is a stone staircase leading up, spattered with blood here.
Unknown command.
Unknown command.
The cyan ugly thing gurgles horribly!
You hear a horrible gurgling sound!
The slime creature hits you. The slime creature hits you! x2
* * * LOW HITPOINT WARNING * * *
The cyan ugly thing trunk-slaps you!
* * * LOW HITPOINT WARNING * * *
The cyan ugly thing shocks you!
You die...

...(..#
...<.# .
.....# .u
....####
..u# .......
##).. #....
#.(..u#J.#
.†...uJ@J#
...∩..u..#
......J....
#.....#.##.#
##...##.#
..# .....
..# .# ##..
... # #..
...


You could see 5 ugly things and 4 slime creatures.

Vanquished Creatures
  Harold (D:8)
  A catoblepas (D:13)
  Pikel (D:6)
  A cyclops (D:12)
  2 manticores (D:12)
  Joseph (D:7)
  Psyche (D:9)
  A kobold demonologist (D:12)
  A hornet (D:9)
  A slime creature (D:13)
  Prince Ribbit (D:8)
  A wraith (D:12)
  A vampire (D:13)
  A water moccasin (D:9)
  An ice beast (D:7)
  A sky beast (D:7)
  3 orc warriors (D:8)
  A black bear (D:8)
  3 centaurs
  A lemure (D:7)
  A bullfrog (D:7)
  4 kobold brigands
  3 wyvern zombies (D:7)
  2 scorpions
  5 wights (D:6)
  2 howler monkeys (D:12)
  A centaur zombie (D:7)
  A centaur skeleton (D:7)
  A jelly (D:7)
  5 orc priests
  Ijyb (D:3)
  4 orc wizards
  4 gnolls (D:6)
  3 adders
  2 shadow imps (D:7)
  An ufetubus (D:7)
  2 dart slugs
  18 orcs
  2 giant cockroaches (D:1)
  4 hobgoblins
  2 jackals (D:1)
  3 quokkas
  2 ball pythons (D:3)
  5 bats
  2 frilled lizards
  16 kobolds
  A rat (D:3)
122 creatures vanquished.

Vanquished Creatures (others)
  16 foxfires (D:7)
16 creatures vanquished.

Grand Total: 138 creatures vanquished

Notes
Turn   | Place    | Note
-------+----------+-------------------------------------------
     0 | D:1      | comborobin the Troll Cinder Acolyte began the quest for the
                  | Orb.
     0 | D:1      | Reached XP level 1. HP: 22/22 MP: 1/1
   120 | D:1      | Reached XP level 2. HP: 29/29 MP: 2/2
   296 | D:2      | Reached skill level 4 in Unarmed Combat
   345 | D:2      | Reached XP level 3. HP: 36/36 MP: 3/3
   540 | D:3      | Noticed Ijyb
   562 | D:3      | Killed Ijyb
   630 | D:3      | Reached skill level 5 in Unarmed Combat
   630 | D:3      | Reached XP level 4. HP: 44/44 MP: 4/4
   701 | D:4      | Noticed a scorpion
   711 | D:4      | Killed a scorpion
   720 | D:4      | You fall into a shaft and drop 1 floor!
   720 | D:5      | Entered Level 5 of the Dungeon
   728 | D:5      | Reached skill level 6 in Unarmed Combat
   728 | D:5      | Reached XP level 5. HP: 32/50 MP: 5/5
   779 | D:6      | Reached XP level 6. HP: 22/59 MP: 6/6
   799 | D:6      | Reached skill level 7 in Unarmed Combat
   893 | D:6      | Reached skill level 8 in Unarmed Combat
   893 | D:6      | Reached XP level 7. HP: 38/66 MP: 7/7
   976 | D:7      | Noticed Pikel
  1017 | D:6      | Killed Pikel
  1018 | D:6      | Reached skill level 9 in Unarmed Combat
  1018 | D:6      | Reached XP level 8. HP: 36/74 MP: 8/8
  1073 | D:7      | Reached skill level 10 in Unarmed Combat
  1214 | D:7      | Reached skill level 11 in Unarmed Combat
  1231 | D:7      | Noticed Joseph
  1272 | D:7      | Gained mutation: You are somewhat resistant to further
                  | mutation. [potion of mutation]
  1272 | D:7      | Gained mutation: Your flesh is heat resistant. (rF+)
                  | [potion of mutation]
  1283 | D:7      | Killed Joseph
  1284 | D:7      | Reached skill level 12 in Unarmed Combat
  1615 | D:8      | Noticed Prince Ribbit
  1622 | D:8      | Killed Prince Ribbit
  1623 | D:8      | Reached XP level 9. HP: 54/80 MP: 9/9
  1902 | D:8      | Reached skill level 1 in Dodging
  1915 | D:8      | Noticed Harold
  1927 | D:8      | Killed Harold
  1928 | D:8      | Reached skill level 13 in Unarmed Combat
  2286 | D:9      | Noticed Psyche
  2439 | D:9      | Paralysed by something for 6 turns
  2446 | D:9      | Killed Psyche
  2544 | D:9      | Reached XP level 10. HP: 91/91 MP: 10/10
  2552 | D:10     | Entered Level 10 of the Dungeon
  2607 | D:12     | Noticed a manticore
  2617 | D:12     | Killed a manticore
  2723 | D:12     | Noticed a boulder beetle
  2736 | D:12     | Noticed a cyclops
  2752 | D:12     | Killed a cyclops
  2753 | D:12     | Noticed a soul eater
  2763 | D:12     | Reached skill level 5 in Dodging
  2765 | D:12     | Noticed a manticore
  2842 | D:12     | Killed a manticore
  2954 | D:12     | Noticed a storm dragon
  3094 | D:12     | Reached skill level 14 in Unarmed Combat
  3270 | D:13     | Noticed a catoblepas
  3397 | D:13     | Killed a catoblepas
  3398 | D:13     | Reached skill level 5 in Fighting
  3549 | D:14     | Noticed a cyan ugly thing
  3549 | D:14     | Found Natioc's Weapon Emporium.
  3550 | D:14     | Noticed a cyan ugly thing
  3551 | D:14     | Noticed a cyan ugly thing
  3552 | D:14     | Noticed a cyan ugly thing
  3554 | D:14     | Noticed a cyan ugly thing
  3563 | D:14     | Mangled by a cyan ugly thing

Illustrated notes

Levels and vault maps discovered:
D:1:      lemuel_arrival_behind_the_door_large, layout_loops_ring,
          kennysheep_another_room
D:2:      layout_basic, hellmonk_ecumenical_altar_pennies_from_heaven,
          minmay_misc_feat_secret_circle, minmay_misc_feat_alley,
          minmay_split_cup_small
D:3:      layout_basic, uniq_ijyb
D:4:      layout_cave_pools, mainiacjoe_overflow_chevrons,
          minmay_temple_entry_oklob
D:5:      layout_loops_corners, nicolae_sif_muna_little_library, serial_shops,
          nicolae_shop_crystal, uniq_menkaure, uniq_duvessa
D:6:      layout_gridville, amcnicky_mini_pool_medium
D:7:      layout_cave_pools, uniq_joseph, uniq_pikel
D:8:      layout_layer_cave, uniq_harold, uniq_prince_ribbit1
D:9:      layout_gridville, nemelex_diamond_rough_becter, serial_shops,
          kennysheep_mini_moat, minmay_shop_grid_forest, serial_bayou_pond_c,
          minmay_strange_pillars, uniq_psyche
D:10:     layout_long_grid, kennysheep_mini, uniq_grum, uniq_urug
D:11:     layout_small_grid, erik_lair_dragon, david_orc_1_choice,
          gammafunk_ghost_icy, special_room [special_room_orc]
D:12:     minmay_octo_star, layout_grid_maze
D:13:     dreamdust_black_sun_cult, layout_long_grid, dk_noncrumbling_2
D:14:     minmay_tri_stars, layout_irregular_city, david_vaults_3,
          hangedman_decor_riveting, serial_shops,
          nicolae_shop_bloodbath_and_beyond, uniq_frances, uniq_louise,
          uniq_jorgrun

Skill      XL: |  1  2  3  4  5  6  7  8  9 10 |
---------------+-------------------------------+-----
Unarmed Combat | 4 5 6 8 9 12 13 14 | 14.5
Dodging        | 4 5 |  5.0
Fighting       | 3 5 |  5.0
Spellcasting   | |  1.0
Fire Magic     | |  2.1

Action                   |  1- 3 |  4- 6 |  7- 9 | 10-12 || total
-------------------------+-------+-------+-------+-------++-------
Melee: Unarmed           |    88 |    60 |   147 |    83 ||   378
       Punch             |     1 |     2 |     6 |     8 ||    17
Invok: Fiery Armour      |       |     1 |     2 |     2 ||     5
       Foxfire Swarm     |       |       |     1 |       ||     1
Evoke: Wand              |       |       |     8 |       ||     8
  Use: Potion            |     1 |       |     4 |     1 ||     6
       Scroll            |       |       |       |     5 ||     5
Armor: Robe              |    46 |    17 |    54 |    27 ||   144
       Skin              |       |       |     8 |       ||     8
Dodge: Dodged            |    41 |    25 |    59 |    39 ||   164

Table legend: (Time is in decaauts)
 A = Elapsed time spent in this place.
 B = Non-inter-level travel time spent in this place.
 C = Inter-level travel time spent in this place.
 D = Time resting spent in this place.
 E = Time spent auto-exploring this place.
 F = Levels seen in this place.
 G = Mean time per level.
                   A        B        C        D        E       F      G
               +--------+--------+--------+--------+--------+-----+--------+
         Total |   3476 |   3342 |    134 |    673 |   1598 |  14 |  248.3 |
       Dungeon |   3476 |   3342 |    134 |    673 |   1598 |  14 |  248.3 |
               +--------+--------+--------+--------+--------+-----+--------+

Top non-repeatable levels by time:
     D:7: 705 daAuts
     D:8: 639 daAuts
    D:12: 638 daAuts
    D:13: 329 daAuts
     D:3: 298 daAuts
     D:6: 257 daAuts
     D:1: 242 daAuts
     D:9: 160 daAuts
     D:2: 132 daAuts
     D:5: 30 daAuts
     D:4: 20 daAuts
    D:10: 8 daAuts
    D:14: 7 daAuts
    D:11: 6 daAuts
